 Dungeon Crawl Stone Soup version 0.31-a0-496-g6f97920a28 (webtiles) character file.

Game seed: 14803177303299728740

259 bmack86 the Chopper (level 5, -8/45 HPs)
             Began as a Minotaur Fighter on Aug 9, 2023.
             Mangled by an orc
             ... wielding a +0 falchion of electrocution
              (20 damage)
             ... on level 4 of the Dungeon.
             The game lasted 00:06:15 (2300 turns).

bmack86 the Chopper (Minotaur Fighter)              Turns: 2300, Time: 00:06:15

Health: -8/45      AC: 10    Str: 23    XL:     5   Next: 95%
Magic:  0/4        EV:  8    Int:  5    God:
Gold:   217        SH:  4    Dex:  9    Spells: 4/4 levels left

rFire   . . .        a - +0 war axe
rCold   . . .        c - +0 buckler
rNeg    . . .        p - +1 chain mail
rPois   .            (helmet restricted)
rElec   .            (no cloak)
rCorr   .            (no gloves)
SInv    .            (no boots)
Will    .....        l - amulet of guardian spirit Stlth
                     (no ring)
HPRegen 0.27/turn    (no ring)
MPRegen 0.09/turn

%: guardian spirit
@: no status effects
A: horns 2, retaliatory headbutt
a: no special abilities


You were on level 4 of the Dungeon.
You visited 1 branch of the dungeon, and saw 4 of its levels.

You collected 217 gold pieces.

Inventory:

Hand Weapons
 a - a +0 war axe (weapon)
Missiles
 q - 3 javelins
Armour
 b - a +0 scale mail
 c - a +0 buckler (worn)
 p - a +1 chain mail (worn)
Jewellery
 l - an amulet of guardian spirit (around neck)
Scrolls
 e - a scroll of fear
 g - 3 scrolls of teleportation
 j - a scroll of amnesia {unknown}
 m - a scroll of fog {unknown}
 n - a scroll of summoning {unknown}
 o - a scroll of blinking {unknown}
 r - 2 scrolls of immolation
Potions
 d - a potion of might
 f - a potion of curing
 h - 2 potions of attraction
 k - 3 potions of lignification


   Skills:
 - Level 3.6 Fighting
 + Level 7.6 Axes
 - Level 3.6 Armour
 - Level 3.6 Shields


You had 4 spell levels left.
You didn't know any spells.
Your spell library contained the following spells:

 Spells                   Type           Power      Damage    Failure   Level
 Leda's Liquefaction      Hex/Erth       0%         N/A       100%        4
 Lee's Rapid Deconstruct  Erth           0%         3d4*      100%        5
 Leda's Unmaking          Conj/Erth      0%         9d1       100%        6


Dungeon Overview and Level Annotations

Branches:
Dungeon (4/15)
 Temple: D:4-7

Altars:
Qazlal
Sif Muna

Shops:
D:2 =


Innate Abilities, Weirdness & Mutations

You have a pair of horns on your head.
You reflexively headbutt those who attack you in melee.


Message History

There is an open door here.
As you open the door, it creaks loudly!
There is an open door here.
You open the door.
There is an open door here.
As you open the door, it creaks loudly!
There is an open door here.
There is an open door here.
Found an escape hatch in the floor.
As you open the door, it creaks loudly!
There is an open door here.
You open the door.
There is an open door here. 2 orcs and an orc priest come into view.
An orc is wielding a +0 falchion of electrocution.
The orc shouts! x2; The orc priest shouts!
You closely miss the orc. You barely miss the orc.
Your headbutt misses the orc.
The orc hits you with a +0 falchion of electrocution.
You barely miss the orc. The orc hits you but does no damage.
You barely miss the orc. The orc hits you but does no damage.
You hit the orc but do no damage. The orc hits you but does no damage.
You closely miss the orc. Your headbutt misses the orc.
The orc priest begins to cast a cantrip, but forgets the words!
The orc hits you but does no damage.
You are electrocuted!!
You barely miss the orc. You headbutt the orc.
The orc is lightly wounded.
The orc hits you with a +0 falchion of electrocution.
You are electrocuted!
* * * LOW HITPOINT WARNING * * *
You closely miss the orc.
The orc is lightly wounded.
You block the orc's attack. The orc hits you but does no damage.
You closely miss the orc. Your headbutt misses the orc.
The orc is lightly wounded.
The orc hits you but does no damage.
You barely miss the orc.
The orc is lightly wounded.
The orc hits you but does no damage.
You are electrocuted!!
You die...

# #. #.. #..o#####+#
#..oo@....# ######....#
####...##....+
#..#....'....# ..#
#..#...##....# ..#
#..#...##....##..#
#..'.............#####+#
#..##............##....#
##..##..................##


You could see an orc priest and 2 orcs.

Vanquished Creatures
  Menkaure (D:4)
  Jessica (D:2)
  4 adders
  A worm (D:3)
  3 dart slugs (D:2)
  8 endoplasms
  2 giant cockroaches
  7 goblins
  4 hobgoblins
  7 kobolds
  6 quokkas
  11 ball pythons
  6 bats
  2 frilled lizards
  4 rats
67 creatures vanquished.

Notes
Turn   | Place    | Note
-------+----------+-------------------------------------------
     0 | D:1      | bmack86 the Minotaur Fighter began the quest for the Orb.
     0 | D:1      | Reached XP level 1. HP: 19/19 MP: 0/0
   120 | D:1      | Reached skill level 3 in Axes
   142 | D:1      | Reached XP level 2. HP: 26/26 MP: 1/1
   286 | D:1      | Reached skill level 4 in Axes
   585 | D:2      | Found Mamulu's One-of-a-Kind Rings.
   588 | D:2      | Reached XP level 3. HP: 31/31 MP: 2/2
   594 | D:2      | Noticed Jessica
   604 | D:2      | Killed Jessica
   605 | D:2      | Reached skill level 5 in Axes
   670 | D:2      | Found a stormy altar of Qazlal.
   832 | D:2      | Reached XP level 4. HP: 39/39 MP: 3/3
  1279 | D:3      | Found a stormy altar of Qazlal.
  1490 | D:3      | Reached skill level 6 in Axes
  1605 | D:3      | Found a shimmering blue altar of Sif Muna.
  1741 | D:3      | Reached XP level 5. HP: 45/45 MP: 4/4
  1979 | D:4      | Noticed Menkaure
  1988 | D:4      | Killed Menkaure
  1989 | D:4      | Reached skill level 7 in Axes
  2300 | D:4      | Mangled by an orc

Illustrated notes

Levels and vault maps discovered:
D:1:      evilmike_arrival_fibonacci_small, layout_basic, st_stairs_10
D:2:      minmay_diamond_boxcup, layout_loops_cross, basic_altar,
          nicolae_shop_unique_rings, uniq_jessica
D:3:      layout_loops_ring, nicolae_sif_muna_condensation,
          mainiacjoe_overflow_concentric_impassable
D:4:      layout_gridville, mainiacjoe_overflow_chevrons, uniq_menkaure

Skill      XL: |  1  2  3  4  5 |
---------------+----------------+-----
Axes           | 3 4 5 6 7 |  7.6
Fighting       | |  3.6
Armour         | |  3.6
Shields        | |  3.6

Action                     |  1- 3 |  4- 6 || total
---------------------------+-------+-------++-------
  Melee: War axe           |    61 |    86 ||   147
         Headbutt          |     5 |     9 ||    14
    Use: Scroll            |       |     9 ||     9
 Armour: Scale mail        |    23 |    49 ||    72
         Chain mail        |       |    27 ||    27
  Dodge: Dodged            |    35 |    42 ||    77
  Block: Buckler           |    13 |    26 ||    39

Table legend: (Time is in decaauts)
 A = Elapsed time spent in this place.
 B = Non-inter-level travel time spent in this place.
 C = Inter-level travel time spent in this place.
 D = Time resting spent in this place.
 E = Time spent auto-exploring this place.
 F = Levels seen in this place.
 G = Mean time per level.
                   A        B        C        D        E       F      G
               +--------+--------+--------+--------+--------+-----+--------+
         Total |   2339 |   2263 |     76 |      0 |   1523 |   4 |  584.8 |
       Dungeon |   2339 |   2263 |     76 |      0 |   1523 |   4 |  584.8 |
               +--------+--------+--------+--------+--------+-----+--------+

Top non-repeatable levels by time:
     D:2: 765 daAuts
     D:3: 701 daAuts
     D:1: 543 daAuts
     D:4: 329 daAuts
